 Dungeon Crawl Stone Soup version 0.29-a0-304-gb34f9e133a (webtiles) character file.

Game seed: 15312360799789148747

246 Astera the Magician (level 5, -3/39 HPs)
             Began as a Palentonga Hedge Wizard on Mar 26, 2022.
             Was a High Priest of Ru.
             Slain by a gnoll shaman
             ... wielding a +0 whip
              (4 damage)
             ... on level 3 of the Dungeon.
             The game lasted 00:20:22 (5088 turns).

Astera the Magician (Palentonga Hedge Wizard)       Turns: 5088, Time: 00:20:23

Health: -3/39      AC:  6    Str: 14    XL:     5   Next: 84%
Magic:  10/10      EV: 10    Int: 16    God:    Ru [*****.]
Gold:   190        SH:  5    Dex:  9    Spells: 8/11 levels left

rFire   . . .      SeeInvis +   m - +2 whip (pain)
rCold   . . .      Faith    .   (shield unavailable)
rNeg    . . .      Spirit   .   b - +0 robe
rPois   .          Reflect  +   e - +0 helmet
rElec   .          Harm     .   q - +0 cloak
rCorr   +          Rampage  .   (no gloves)
Will    .....                   (no barding)
Stlth   +.........              n - amulet of reflection
HPRegen 0.13/turn               (ring unavailable)
MPRegen 0.12/turn               t - ring of resist corrosion

@: about to teleport
A: large, rugged brown scales 3, see invisible, deformed body, missing a hand,
inability to use devices, roll 1, armoured tail
a: Rolling Charge, Renounce Religion, Draw Out Power, Power Leap, Apocalypse


You were on level 3 of the Dungeon.
You worshipped Ru.
Ru was extremely pleased with you.
You visited 1 branch of the dungeon, and saw 4 of its levels.

You collected 190 gold pieces.

Inventory:

Hand Weapons
 m - a +2 whip of pain (weapon)
 u - a +1 dagger of draining
Missiles
 l - 6 boomerangs
Armour
 b - a +0 robe (worn)
 e - a +0 helmet (worn)
 q - a +0 cloak (worn)
Magical Staves
 s - a staff of poison
Jewellery
 n - an amulet of reflection (around neck)
 t - a ring of resist corrosion (right hand)
Scrolls
 a - 2 scrolls of fog {unknown}
 c - a scroll of teleportation
 g - 2 scrolls of enchant armour {unknown}
 h - 2 scrolls of identify {unknown}
 j - a scroll of torment {unknown}
 k - 2 scrolls of summoning {unknown}
 o - a scroll of magic mapping {unknown}
 w - a scroll of blinking {unknown}
Potions
 d - a potion of magic
 f - a potion of lignification {unknown}
 i - a potion of attraction {unknown}
 p - a potion of flight {unknown}
 r - a potion of heal wounds {unknown}
 v - a potion of cancellation
 x - a potion of resistance {unknown}
 z - a potion of haste {unknown}


   Skills:
 + Level 1.1 Fighting
 + Level 1.1 Maces & Flails
 + Level 2.4 Dodging
 - Level 1.3 Stealth
 + Level 3.7 Spellcasting
 + Level 2.1 Conjurations
 - Level 1.4 Summonings
 + Level 1.4 Necromancy
 + Level 2.3 Translocations
 + Level 0.3 Invocations


You had 8 spell levels left.
You knew the following spells:

 Your Spells              Type           Power      Damage    Failure   Level
a - Magic Dart            Conj           36%        1d4       7%          1
b - Blink                 Tloc           20%        N/A       10%         2

Your spell library contained the following spells:

 Spells                   Type           Power      Damage    Failure   Level
 Call Imp                 Summ           7%         N/A       14%         2
 Slow                     Hex            8%         N/A       17%         1
 Conjure Flame            Conj/Fire      6%         6-21      32%         3
 Mephitic Cloud           Conj/Pois/Air  5%         N/A       36%         3


Dungeon Overview and Level Annotations

Branches:
Dungeon (4/15)
 Temple: D:4-7

Altars:
Dithmenos
Ru

Shops:
D:1 [=

Annotations:
D:4 Edmund


Innate Abilities, Weirdness & Mutations

You are completely covered in rugged brown scales. (AC +3, +7% HP)
You have supernaturally acute eyesight. (SInv)
Armour fits poorly on your strangely shaped body.
You are missing a hand.
You cannot study or use magical devices.
You can roll at nearby foes to attack.
You have a long armoured tail.


Message History

You closely miss the gnoll shaman. You tail-slap the gnoll shaman.
The gnoll shaman is severely wounded.
You redirect the gnoll shaman's attack!
The gnoll shaman prays to its god.
The gnoll shaman is healed somewhat.
You hit the gnoll shaman.
The gnoll shaman is heavily wounded.
The gnoll shaman hits you with a +0 whip.
You barely miss the gnoll shaman.
The gnoll shaman is heavily wounded.
The gnoll shaman hits you with a +0 whip.
You hit the gnoll shaman.
The gnoll shaman writhes in agony.
The gnoll shaman is severely wounded.
The gnoll shaman begins to pray, but is stunned by your conviction!
You barely miss the gnoll shaman.
You tail-slap the gnoll shaman, but do no damage.
The gnoll shaman is severely wounded.
The gnoll shaman barely misses you.
You closely miss the gnoll shaman.
You tail-slap the gnoll shaman, but do no damage.
The gnoll shaman is severely wounded.
The gnoll shaman closely misses you.
You hit the gnoll shaman but do no damage.
The gnoll shaman is severely wounded.
The gnoll shaman prays to its god.
The gnoll shaman is healed somewhat.
You hit the gnoll shaman.
The gnoll shaman writhes in agony.
The gnoll shaman is severely wounded.
The gnoll shaman hits you with a +0 whip!
* * * LOW HITPOINT WARNING * * *
It was a potion of cancellation.
You feel magically purged. The gnoll shaman completely misses you.
As you read the scroll labelled PAGUKL PEOTAI, it crumbles to dust.
You feel strangely unstable.
It was a scroll of teleportation.
You redirect the gnoll shaman's attack!
The gnoll shaman hits you with a +0 whip.
* * * LOW HITPOINT WARNING * * *
The gnoll shaman attacks as you move away!
The gnoll shaman hits you with a +0 whip.
You die...

..#..#.##...............#..##...#
.#.....>..###....................
#........###...........##########
.............#........##
.).......#####........##
#........# #..........#
.##......# #....))....#
.........# #....g.....#
.........# #...@......#
########## #..........#
##........## ##......## ########


You could see a gnoll shaman.

Vanquished Creatures
  A hound (D:4)
  A jelly (D:3)
  An orc wizard (D:3)
  4 gnolls
  2 adders (D:2)
  An ufetubus (D:2)
  5 worms
  3 dart slugs
  4 orcs
  8 ball pythons
  4 endoplasms
  3 giant cockroaches
  7 goblins
  7 hobgoblins
  3 jackals (D:1)
  3 quokkas (D:1)
  3 bats
  2 frilled lizards
  4 kobolds
  5 rats
71 creatures vanquished.

Vanquished Creatures (others)
  A gnoll (D:3)
  A kobold (D:3)
  A demonic plant (D:1)
  A plant (D:1)
4 creatures vanquished.

Grand Total: 75 creatures vanquished

Notes
Turn   | Place    | Note
-------+----------+-------------------------------------------
     0 | D:1      | Astera the Palentonga Hedge Wizard began the quest for the
                  | Orb.
     0 | D:1      | Reached XP level 1. HP: 13/13 MP: 4/4
    53 | D:1      | Reached skill level 1 in Conjurations
    96 | D:1      | Found Kubeod's Antique Armour Emporium.
   111 | D:1      | Reached XP level 2. HP: 8/20 MP: 1/6
   208 | D:1      | Reached skill level 1 in Summonings
   757 | D:1      | Found a faded altar of an unknown god.
   776 | D:1      | Prayed at the altar of an unknown god.
   776 | D:1      | Became a worshipper of Ru the Awakened
   801 | D:1      | Gained mutation: You cannot study or use magical devices.
                  | [Ru sacrifice]
   801 | D:1      | Reached * piety under Ru
   801 | D:1      | Reached ** piety under Ru
   948 | D:1      | Reached XP level 3. HP: 25/25 MP: 5/7
  1274 | D:1      | Found Piona's Jewellery Shoppe.
  2445 | D:2      | Reached XP level 4. HP: 19/32 MP: 6/9
  2811 | D:2      | Learned a level 2 spell: Blink
  4180 | D:4      | Noticed an ogre
  4215 | D:4      | Noticed Edmund
  4225 | D:3      | Reached XP level 5. HP: 37/38 MP: 6/10
  4446 | D:4      | Reached skill level 1 in Maces & Flails
  4446 | D:4      | Reached skill level 1 in Necromancy
  4447 | D:4      | Reached skill level 1 in Fighting
  4784 | D:4      | Found a shadowy altar of Dithmenos.
  4850 | D:4      | Gained mutation: You are missing a hand. [Ru sacrifice]
  4850 | D:4      | Reached *** piety under Ru
  4850 | D:4      | Reached **** piety under Ru
  4850 | D:4      | Reached ***** piety under Ru
  5086 | D:3      | HP: 1/39 [gnoll shaman/+0 whip (6)]
  5088 | D:3      | Slain by a gnoll shaman

Illustrated notes

Levels and vault maps discovered:
D:1:      dpeg_arrival_shrine, layout_basic, shapermc_ecumenical_altar_gd,
          serial_shops, nicolae_shop_trees, shop, minmay_fountain_box
D:2:      layout_rooms, hex_intersection
D:3:      layout_rooms, serial_corexii_hall, corexii_hall_statues_t,
          corexii_hall_statues_l, minmay_misc_feat_chi
D:4:      layout_loops_ring, grunt_dithmenos_smoke,
          chequers_serial_rivers_marsh, chequers_serial_rivers_marsh,
          st_stairs_2, uniq_edmund

Skill      XL: |  1  2  3  4  5 |
---------------+----------------+-----
Conjurations   | 1 2 |  2.1
Summonings     | 1 |  1.4
Dodging        | 2 |  2.4
Translocations | 2 |  2.3
Maces & Flails | 1 |  1.1
Necromancy     | 1 |  1.4
Fighting       | 1 |  1.1
Stealth        | |  1.3
Spellcasting   | |  3.7
Invocations    | |  0.3

Action                   |  1- 3 |  4- 6 || total
-------------------------+-------+-------++-------
Melee: Dagger            |    55 |       ||    55
       Tailslap          |     9 |    15 ||    24
       Whip              |    30 |   127 ||   157
       Punch             |       |     1 ||     1
 Cast: Magic Dart        |    75 |    97 ||   172
Invok: Sacrifice Artific |     1 |       ||     1
       Sacrifice a Hand  |       |     1 ||     1
  Use: Scroll            |       |     1 ||     1
       Potion            |       |     1 ||     1
 Stab: Sleeping          |     1 |     1 ||     2
       Invisible         |     1 |       ||     1
Armor: Robe              |    32 |    39 ||    71
Dodge: Dodged            |    43 |    54 ||    97
Block: Other             |     3 |    21 ||    24

Table legend: (Time is in decaauts)
 A = Elapsed time spent in this place.
 B = Non-inter-level travel time spent in this place.
 C = Inter-level travel time spent in this place.
 D = Time resting spent in this place.
 E = Time spent auto-exploring this place.
 F = Levels seen in this place.
 G = Mean time per level.
                   A        B        C        D        E       F      G
               +--------+--------+--------+--------+--------+-----+--------+
         Total |   5125 |   4892 |    233 |   1822 |   1541 |   4 | 1281.2 |
       Dungeon |   5125 |   4892 |    233 |   1822 |   1541 |   4 | 1281.2 |
               +--------+--------+--------+--------+--------+-----+--------+

Top non-repeatable levels by time:
     D:2: 1735 daAuts
     D:1: 1628 daAuts
     D:3: 1413 daAuts
     D:4: 348 daAuts
